 Dungeon Crawl Stone Soup version 0.19-a0-644-gd04d753 (webtiles) character file.

2761 Stormphoenix the Martial Artist (level 9, -1/63 HPs)
             Began as a Demonspawn Monk on June 14, 2016.
             Was a High Priest of Makhleb.
             Slain by an orc warrior
             ... wielding a +2 vampiric hand axe
              (15 damage)
             ... on level 8 of the Dungeon.
             The game lasted 00:15:41 (6788 turns).

Stormphoenix the Martial Artist (Demonspawn Monk)   Turns: 6788, Time: 00:15:42

Health: -1/63      AC: 16    Str: 12 (14) XL:     9   Next: 42%
Magic:  9/9        EV: 12    Int: 12      God:    Makhleb [*****.]
Gold:   415        SH:  3    Dex: 15 (16) Spells: 0 memorised, 8 levels left

rFire  . . .     SeeInvis .       - Unarmed
rCold  + . .     Gourm    .     k - +2 leather armour {rC+}
rNeg   . . .     Faith    .     n - +0 buckler
rPois  .         Spirit   .     (helmet unavailable)
rElec  .         Dismiss  .     g - +0 cloak
rCorr  .         Reflect  .     (no gloves)
SustAt .         Harm     .     (no boots)
MR     .....                    (no amulet)
Stlth  +++.......               (no ring)
                                (no ring)

@: sanguine armour, not resistant to hostile enchantments, fairly stealthy
A: hooves 1, horns 3, deformed body, deterioration 1, nightstalker 1, no device
heal 1, sanguine armour 3
a: Minor Destruction, Lesser Servant of Makhleb, Major Destruction, Greater
Servant of Makhleb, Renounce Religion


You were on level 8 of the Dungeon.
You worshipped Makhleb.
Makhleb was extremely pleased with you.
You were hungry.

You visited 2 branches of the dungeon, and saw 9 of its levels.

You collected 415 gold pieces.

Inventory:

Armour
 g - a +0 cloak (worn)
 k - a +2 leather armour of cold resistance (worn)
 n - a +0 buckler (worn)
Jewellery
 q - an uncursed ring of fire
 s - a +3 ring of intelligence {unknown}
Wands
 h - a wand of paralysis (24/24)
 i - a wand of polymorph (10/24)
 r - a wand of paralysis (9/24)
 w - a wand of slowing (35/48)
Scrolls
 j - a scroll of recharging
 m - a scroll of enchant weapon
 p - a scroll of teleportation
 v - a scroll of remove curse
Potions
 c - a potion of invisibility
 l - a potion of ambrosia
 o - a potion of magic
Comestibles
 a - a meat ration
 b - 3 bread rations
 d - a beef jerky
 f - 6 fruits
 t - 2 slices of pizza


   Skills:
 - Level 3.0 Fighting
 - Level 2.6 Dodging
 - Level 1.7 Stealth
 + Level 12.2 Unarmed Combat


You had 8 spell levels left.
You didn't know any spells.

Dungeon Overview and Level Annotations

Branches:
Dungeon (8/15)             Temple (1/1) D:7
   Lair: D:8-11

Altars:
Ashenzari
Cheibriados
Dithmenos
Elyvilon
Gozag
Hepliaklqana
Kikubaaqudgha
Makhleb
Nemelex Xobeh
Okawaru
Pakellas
Qazlal
Sif Muna
Uskayaw
Vehumet
Yredelemnul
The Shining One

Shops:
D:7 *(:


Innate Abilities, Weirdness & Mutations

You have a pair of large horns on your head.
You are slightly more attuned to the shadows.
When seriously injured, your bleeding wounds create very thick armour. (AC +12)
You have large cloven feet.
Armour fits poorly on your strangely shaped body.
Your body sometimes deteriorates upon taking damage.
Potions and wands are less effective at restoring your health.


Message History

You kick the orc warrior, but do no damage.
Your headbutt misses the orc warrior.
The orc warrior hits you but does no damage.
The orc barely misses you.
You punch the orc warrior!
You kick the orc warrior, but do no damage.
The orc warrior is moderately wounded.
The orc warrior hits you with a vampiric hand axe!
* * * LOW HITPOINT WARNING * * *
The orc warrior draws strength from your injuries!
The orc hits you but does no damage.
You hit the orc. Your kick misses the orc. You headbutt the orc.
You kill the orc!
Makhleb accepts your kill.
You feel better.
You hit the orc.
The orc is lightly wounded.
The orc hits you but does no damage.
The orc warrior hits you with a vampiric hand axe!
You die...

##### #<..# #####
###.## #...#
#....###.#.###
#.##.#.(.....#
##.##.#.#.###.##
.............oo>#
#.#######.##.#@##
#. #.##.#o# #
#.....?#
######.#..###
##......#..####
............o.#
...$.....#.#.##
...###.)...#.#
...#_#.......#


You could see an orc warrior and 2 orcs.

Vanquished Creatures
  Grinder (D:5)
  Eustachio (D:4)
  Menkaure (D:4)
  2 water moccasins
  Purgy (D:4)
  2 orc warriors
  A sky beast (D:6)
  A phantom (D:5)
  An ice beast (D:5)
  4 ogres
  A centaur (D:7)
  2 giant frogs
  2 scorpions
  6 wights
  A giant frog zombie (D:5)
  A giant frog skeleton (D:8)
  2 jellies
  3 hounds
  2 orc wizards (D:6)
  Crazy Yiuf (D:3)
  An orc priest (D:8)
  4 worker ants
  A killer bee zombie (D:6)
  2 gnolls
  8 adders
  A shadow imp (D:7)
  A worm (D:4)
  4 dart slugs
  3 giant geckos
  9 orcs
  2 ball pythons (D:2)
  6 giant cockroaches
  12 goblins
  13 hobgoblins
  9 jackals
  3 quokkas
  6 bats
  7 giant newts
  A jackal skeleton (D:6)
  10 kobolds
  5 rats
144 creatures vanquished.

Notes
Turn   | Place    | Note
--------------------------------------------------------------
     0 | D:1      | Stormphoenix the Demonspawn Monk began the quest for the Orb.
     0 | D:1      | Reached XP level 1. HP: 18/18 MP: 1/1
    47 | D:1      | Reached skill level 4 in Unarmed Combat
    51 | D:1      | Gained mutation: You have a pair of small horns on your head. [demonic ancestry]
    51 | D:1      | Reached XP level 2. HP: 3/24 MP: 2/2
   572 | D:1      | Reached XP level 3. HP: 7/29 MP: 3/3
  1122 | D:1      | Gained mutation: You have large cloven feet. [potion of beneficial mutation]
  1151 | D:2      | Found a snail-covered altar of Cheibriados.
  1299 | D:2      | Found a burning altar of Makhleb.
  1314 | D:2      | Became a worshipper of Makhleb the Destroyer
  1314 | D:2      | Reached * piety under Makhleb
  1314 | D:2      | Reached ** piety under Makhleb
  1422 | D:2      | Reached skill level 5 in Unarmed Combat
  1560 | D:2      | Gained mutation: When seriously injured, your bleeding wounds create armour. (AC +12) [demonic ancestry]
  1560 | D:2      | Reached XP level 4. HP: 35/35 MP: 4/4
  1852 | D:2      | Found a radiant altar of Vehumet.
  1931 | D:3      | Found an ancient bone altar of Kikubaaqudgha.
  2170 | D:3      | Noticed Crazy Yiuf
  2189 | D:3      | Killed Crazy Yiuf
  2189 | D:3      | Reached XP level 5. HP: 10/41 MP: 5/5
  2465 | D:3      | Reached *** piety under Makhleb
  2467 | D:3      | Reached skill level 6 in Unarmed Combat
  2802 | D:3      | Gained mutation: Your body sometimes deteriorates upon taking damage. [potion of mutation]
  2802 | D:3      | Gained mutation: You have a pair of horns on your head. [potion of mutation]
  2920 | D:4      | Found an opulent altar of Gozag.
  2920 | D:4      | Noticed Purgy
  2923 | D:4      | Noticed Menkaure
  2945 | D:4      | Killed Purgy
  2951 | D:4      | Killed Menkaure
  2951 | D:4      | Reached skill level 7 in Unarmed Combat
  2951 | D:4      | Gained mutation: You are slightly more attuned to the shadows. [demonic ancestry]
  2951 | D:4      | Reached XP level 6. HP: 23/47 MP: 6/6
  3086 | D:4      | Noticed Eustachio
  3106 | D:4      | Killed Eustachio
  3106 | D:4      | Gained mutation: When seriously injured, your bleeding wounds create thick armour. (AC +12) [demonic ancestry]
  3106 | D:4      | Reached XP level 7. HP: 46/52 MP: 7/7
  3161 | D:4      | Found a stormy altar of Qazlal.
  3381 | D:4      | HP: 1/52 [ogre/giant club (13)]
  3383 | D:4      | Reached skill level 8 in Unarmed Combat
  3595 | D:4      | Found a glowing golden altar of the Shining One.
  3689 | D:4      | Found a white marble altar of Elyvilon.
  3812 | D:5      | Entered Level 5 of the Dungeon
  3936 | D:5      | Reached skill level 9 in Unarmed Combat
  3997 | D:5      | Noticed Grinder
  4011 | D:5      | Paralysed by Grinder for 6 turns
  4023 | D:5      | Killed Grinder
  4023 | D:5      | Gained mutation: When seriously injured, your bleeding wounds create very thick armour. (AC +12) [demonic ancestry]
  4023 | D:5      | Reached XP level 8. HP: 26/58 MP: 8/8
  4137 | D:5      | Reached **** piety under Makhleb
  4378 | D:6      | Reached skill level 10 in Unarmed Combat
  4859 | D:6      | Reached skill level 11 in Unarmed Combat
  4908 | D:6      | Found a deep blue altar of Sif Muna.
  5472 | D:7      | Gained mutation: You have a pair of large horns on your head. [demonic ancestry]
  5472 | D:7      | Reached XP level 9. HP: 45/63 MP: 9/9
  5663 | D:7      | Found Guashrih's General Store.
  5733 | D:7      | Gained mutation: Armour fits poorly on your strangely shaped body. [potion of mutation]
  5733 | D:7      | Gained mutation: Potions and wands are less effective at restoring your health. [potion of mutation]
  5790 | D:7      | Found a staircase to the Ecumenical Temple.
  5830 | Temple   | Entered the Ecumenical Temple
  5983 | D:7      | Found Jeasip's Antique Weapon Shoppe.
  6396 | D:7      | Found a hide-covered altar of Uskayaw.
  6405 | D:7      | Reached ***** piety under Makhleb
  6530 | D:7      | Reached skill level 12 in Unarmed Combat
  6536 | D:7      | Found Wutiry's Book Boutique.
  6746 | D:8      | Found a shattered altar of Ashenzari.
  6788 | D:8      | Slain by an orc warrior

Vault maps used:
D:1:      lightli_arrival_noodles, moated_statue, serial_bayou_pond_e
D:2:      marbit_many_paths, bloody_makhleb, kennysheep_slug_shrine
D:3:      kiku_gazebo_garden_becter, uniq_crazy_yiuf_cottage
D:4:      kennysheep_little_box, nicolae_tso_carved_into_rock,
          nicolae_qazlal_general_emergency, nicolae_gozag_seed_capital,
          amethyst_killhole, uniq_purgy, uniq_menkaure, uniq_eustachio
D:5:      first_bread, uniq_grinder
D:6:      lemuel_coloured_pillars_altar, minmay_misc_feat_iff, st_stairs_5
D:7:      lemuel_crystal_altar, minmay_temple_entry_purple_smoke, serial_shops,
          shop_fountains, nicolae_shop_window_shopping, nicolae_shop_stone
D:8:      zin_angel, kennysheep_mini, ashenzari_conservatory_becter,
          gammafunk_temple_overflow_statue
Temple:   hc_temple_tempest_star_small

Skill      XL: |  1  2  3  4  5  6  7  8  9 |
---------------+----------------------------+-----
Unarmed Combat | 4 5 7 9 11 12 | 12.2
Fighting       | |  3.0
Dodging        | |  2.6
Stealth        | |  1.7

Action                   |  1- 3 |  4- 6 |  7- 9 || total
-------------------------+-------+-------+-------++-------
Melee: Unarmed           |   111 |   145 |   302 ||   558
       Headbutt          |     8 |    28 |    61 ||    97
       Kick              |     8 |    38 |    93 ||   139
       Punch             |     1 |     2 |     1 ||     4
  Use: Scroll            |     3 |     4 |     6 ||    13
       Potion            |     3 |     5 |     6 ||    14
 Stab: Sleeping          |     3 |     3 |     9 ||    15
       Distracted        |       |     1 |     1 ||     2
  Eat: Chunk             |     2 |     3 |     8 ||    13
       Fruit             |       |     1 |     1 ||     2
       Bread ration      |       |     1 |       ||     1
Armor: Robe              |     9 |       |       ||     9
       Leather armour    |    10 |    55 |    75 ||   140
Dodge: Dodged            |    59 |   103 |   136 ||   298
Block: Buckler           |       |       |    30 ||    30
